[Event "Early-Titled-Tuesday-Blitz-September-26-2023"]
[Site "Chess.com"]
[Date "2023.09.26"]
[Round "9"]
[White "jaskol95"]
[Black "vovachesss"]
[Result "1-0"]
[WhiteElo "2623"]
[BlackElo "2725"]
[TimeControl "180+1"]
[EndTime "9:45:51 PDT"]
[Termination "jaskol95 won by resignation"]

1. e4 c6 2. d4 d5 3. e5 Bf5 4. Nd2 e6 5. Nb3 a6 6. Nf3 c5 7. dxc5 Bxc5 8. Nxc5 Qa5+ 9. c3 Qxc5 10. Be3 Qc7 11. Be2 Nc6 12. Bf4 Nge7 13. Bg3 O-O 14. O-O Be4 15. Re1 Nf5 16. Qd2 Nxg3 17. hxg3 Bxf3 18. Bxf3 Nxe5 19. Bd1 Nc4 20. Qc2 Rac8 21. Be2 Rfd8 22. Rad1 g6 23. Rd4 b5 24. Rh4 Nd6 25. g4 Qe7 26. Rh3 Qf6 27. a4 Rc6 28. axb5 axb5 29. Qd2 Nc4 30. Bxc4 dxc4 31. Qh6 Qg7 32. Qg5 Rd5 33. Qe7 Rc8 34. Ra1 Rcd8 35.
Kh2 Qe5+ 36. g3 Rd2 37. Kg1 Rd1+ 38. Kh2 Qe1 39. Qxd8+ Rxd8 40. Rxe1 Rd2 41. Kg2 Rxb2 42. Reh1 Rc2 43. Rxh7 Rxc3 44. Rh8+ Kg7 45. g5 1-0

[Event "Early-Titled-Tuesday-Blitz-September-26-2023"]
[Site "Chess.com"]
[Date "2023.09.26"]
[Round "9"]
[White "Cambek64"]
[Black "Eagle_2019"]
[Result "1/2-1/2"]
[WhiteElo "2452"]
[BlackElo "2666"]
[TimeControl "180+1"]
[EndTime "9:45:53 PDT"]
[Termination "Game drawn by agreement"]

1. b3 e5 2. Bb2 Nc6 3. e3 Nf6 4. Bb5 d6 5. d4 Bd7 6. Nf3 exd4 7.
Nxd4 Nxd4 8. Bxd7+ Nxd7 9. Qxd4 Qg5 10. O-O Qe5 11. Qxe5+ dxe5 12. Nc3 c6 13. Rad1 f6 14. Ne4 O-O-O 15. Nd6+ Bxd6 16. Rxd6 Nb6 17. Rfd1 Nd5 18. Rxd8+ Rxd8 19. a3 a5 20. e4 Nb6 21. Rxd8+ Kxd8 22. a4 Nc8 23. Bc3 b6 24. f3 Kd7 25. Kf2 c5 26.
Ke2 Nd6 27. Kd3 Kc6 28. Bd2 Ne8 29. g3 Nd6 30. f4 Nf7 31. f5 Nd6 32. c3 c4+ 33.
bxc4 Nb7 34. Be3 h5 35. h3 Nc5+ 36. Bxc5 Kxc5 37. h4 Kc6 38. Ke3 Kd6 39. Kd2 Kd7 40. Ke3 Kc7 41. Kd2 Kb7 42. Kd3 Ka6 43. Kc2 Ka7 44.
Kb3 Kb7 45. Kc2 Ka6 46. Kb3 Kb7 47. Kc2 Kc8 48. Kd3 Kd7 49. c5 bxc5 50. Kc4 Kc6 51. Kd3 Kb6 52. c4 Kc6 53. Ke3 Kd7 54.
Kf3 Ke7 55. g4 hxg4+ 56. Kxg4 Kf8 57. h5 Kg8 58. Kh4 Kh7 59. Kg4 Kh8 60. Kh4 Kg8 61. Kg4 Kf7 62. Kh4 Kf8 63. Kg4 Kg8 1/2-1/2

[Event "Early-Titled-Tuesday-Blitz-September-26-2023"]
[Site "Chess.com"]
[Date "2023.09.26"]
[Round "9"]
[White "chesslh19"]
[Black "AttilaTurzo"]
[Result "0-1"]
[WhiteElo "2330"]
[BlackElo "2465"]
[TimeControl "180+1"]
[EndTime "9:45:54 PDT"]
[Termination "AttilaTurzo won by resignation"]

1. e4 c5 2. Nf3 Nc6 3. d3 g6 4.
g3 Bg7 5. Bg2 d6 6. O-O e5 7. c3 Nge7 8. Be3 O-O 9. d4 exd4 10.
cxd4 Bg4 11. d5 Bxb2 12. dxc6 Bxa1 13. cxb7 Rb8 14. Nbd2 Bg7 15. h3 Be6 16. Ng5 Rxb7 17. Nxe6 fxe6 18. e5 Rd7 19. exd6 Rxd6 20. Qc2 Nf5 21.
Nc4 Nxe3 22. Nxe3 Bd4 23. Nc4 Rd7 24. Qe4 Qf6 25. Kh2 Bxf2 26. Ne5 Rd4 27. Ng4 Rxe4 28. Nxf6+ Rxf6 29. Bxe4 Bxg3+ 30. Kg2 Rxf1 31. Kxf1 Kg7 32. Kg2 Be5 33. Kf3 c4 34. Ke2 Bd4 35. a4 a5 36.
Bc6 Kf6 37. Bb5 c3 38. Kd3 e5 39. Bc6 Kf5 40. Bd7+ Kf4 41. Kc2 e4 42. Bg4 e3 43.
Be2 h5 44. Kd3 Bf6 45. Bd1 Kg3 46. Kxe3 Kxh3 47. Bc2 g5 48. Kf3 g4+ 49. Kf4 Bg7 50. Kg5 g3 0-1

[Event "Early-Titled-Tuesday-Blitz-September-26-2023"]
[Site "Chess.com"]
[Date "2023.09.26"]
[Round "9"]
[White "zozik"]
[Black "ChainedDowntohell"]
[Result "0-1"]
[WhiteElo "2322"]
[BlackElo "2457"]
[TimeControl "180+1"]
[EndTime "9:45:54 PDT"]
[Termination "ChainedDowntohell won on time"]

1. d4 Nf6 2. Nf3 d5 3. g3 c6 4. Bg2 Bf5 5. O-O e6 6. c4 Be7 7. Nc3 h6 8. Nd2 Bh7 9. e4 dxe4 10. Ndxe4 O-O 11. Bf4 a5 12. Qd2 Nxe4 13. Nxe4 Qb6 14. Rad1 Rd8 15. Rfe1 Na6 16. a3 Rd7 17. Qe2 Rad8 18.
c5 Qb3 19. Nd6 Nc7 20. Bd2 Bxd6 21. cxd6 Rxd6 22. Bxa5 b6 23. Bc3 Nb5 24. Qe5 Nxc3 25. bxc3 Qxc3 26. Rc1 Qxa3 27. Rxc6 Rxc6 28. Bxc6 Qc3 29.
d5 Qxe5 30. Rxe5 exd5 31. Bxd5 Kf8 32. f4 Rd6 33. Kf2 Bg6 34. Ke3 f6 35. Re6 Rxd5 36. Rxb6 Rd3+ 37. Ke2 Rd7 38. Rb8+ Be8 39. Rb6 Re7+ 40.
Kf3 Kf7 41. Kf2 Bd7 42. g4 Bxg4 43. Kg3 Bf5 0-1

[Event "Early-Titled-Tuesday-Blitz-September-26-2023"]
[Site "Chess.com"]
[Date "2023.09.26"]
[Round "9"]
[White "DanielNaroditsky"]
[Black "Denis_Makhnyov"]
[Result "1-0"]
[WhiteElo "3154"]
[BlackElo "2928"]
[TimeControl "180+1"]
[EndTime "9:45:57 PDT"]
[Termination "DanielNaroditsky won on time"]

1. e4 e5 2. Nf3 Nc6 3. Nc3 Nf6 4. g3 Bb4 5. Bg2 Bxc3 6. dxc3 O-O 7. O-O h6 8. Qe2 d6 9. Rd1 a6 10. c4 Qe7 11. h3 Rb8 12. a4 a5 13. b3 b6 14.
Bb2 Nh7 15. Nh2 Nb4 16. Nf1 f5 17. exf5 Bxf5 18. Ne3 Bg6 19. Bc3 Nf6 20. Bxb4 axb4 21. a5 bxa5 22. Rxa5 Kh7 23. Ra7 e4 24. Rda1 Rf7 25.
R7a5 Rbf8 26. Nf5 Qd7 27. Nh4 e3 28. Nxg6 exf2+ 29. Kf1 Re8 30. Qd3 Kg8 31. Nf4 g5 32.
Qg6+ Rg7 33. Qxf6 gxf4 34. Qxf4 Kh7 35. Be4+ Kg8 36. Bd5+ Kh7 37. Be4+ Kg8 38. Rf5 Qe7 39. Bd5+ Kh7 40. Qxf2 Qd7 41. Kg2 c6 42. Bf7 Rf8 43.
Bg6+ Kxg6 44. Rxf8 1-0

[Event "Early-Titled-Tuesday-Blitz-September-26-2023"]
[Site "Chess.com"]
[Date "2023.09.26"]
[Round "9"]
[White "Aradhya2000"]
[Black "FoxOnTheRun97"]
[Result "1-0"]
[WhiteElo "2696"]
[BlackElo "2547"]
[TimeControl "180+1"]
[EndTime "9:45:58 PDT"]
[Termination "Aradhya2000 won by resignation"]

1. d4 Nf6 2. Nf3 e6 3. Bf4 c5 4. e3 Qb6 5. Nc3 a6 6. Rb1 Nc6 7. d5 exd5 8. Nxd5 Nxd5 9. Qxd5 Ne7 10. Qb3 Qxb3 11. cxb3 d5 12. Rc1 Nc6 13. Bc7 Bg4 14. Be2 Rc8 15. Bb6 Nb8 16. h3 Be6 17. O-O Nd7 18. Ba5 Bd6 19. Rfd1 Ke7 20. Ng5 Be5 21. Rd2 Bf6 22. Nxe6 fxe6 23. Rdc2 Kd6 24. Be1 Ne5 25. a4 Rc6 26. a5 Rhc8 27. f4 Nd7 28. Bg3 Ke7 29. Bf3 R6c7 30. e4 Bd4+ 31. Kf1 dxe4 32. Bxe4 Nf6 33. Bf3 Rd7 34. b4 Nd5 35. Bxd5 Rxd5 36.
Ke2 Kf6 37. Be1 Kf5 38. Kf3 h5 39. g4+ Kf6 40. Ke4 hxg4 41. hxg4 g5 42. bxc5 Rdxc5 43. Rxc5 Rxc5 44. Rxc5 Bxc5 45. Bc3+ Kg6 46. fxg5 Kxg5 47.
Ke5 b6 48. Kxe6 bxa5 49. Kd5 Bb4 50. Bxb4 axb4 51. Kc4 b3 52. Kxb3 Kxg4 53. Ka4 Kf5 54. Ka5 Ke6 55. b4 Kd7 56. Kxa6 Kc8 57. b5 Kb8 58.
Kb6 Ka8 59. Kc7 Ka7 60. b6+ Ka6 61. b7 Kb5 62. b8=Q+ 1-0

[Event "Early-Titled-Tuesday-Blitz-September-26-2023"]
[Site "Chess.com"]
[Date "2023.09.26"]
[Round "9"]
[White "C_K_G"]
[Black "CarlosjPineror"]
[Result "1/2-1/2"]
[WhiteElo "1944"]
[BlackElo "2566"]
[TimeControl "180+1"]
[EndTime "9:45:59 PDT"]
[Termination "Game drawn by repetition"]

1. e4 c5 2. Nf3 e6 3. d4 cxd4 4.
Nxd4 a6 5. Nc3 Qc7 6. Bd3 Nf6 7. O-O h5 8. h3 Nc6 9. Be3 Ne5 10. f4 Nc4 11. Bxc4 Qxc4 12. Qf3 d5 13. exd5 Nxd5 14. Nxd5 Qxd5 15. Qxd5 exd5 16. f5 Bd7 17. f6 g6 18.
Rfe1 O-O-O 19. Bf4 Bc5 20. c3 Rhe8 21. Rad1 Bxd4+ 22. cxd4 Rxe1+ 23. Rxe1 Re8 24. Rc1+ Bc6 25. Be5 Kd7 26. Kf2 Rc8 27. Ke3 Bb5 28. Rxc8 Kxc8 29. g3 Bf1 30. h4 Kd7 31. a3 Kc6 32. Kf4 Bh3 33. Ke3 Kb5 34. Kd3 Bf1+ 35. Kc3 Ka4 36. Bd6 a5 37. Bc7 Kb5 38. b3 b6 39. Bd8 Kc6 40. b4 a4 41. Be7 b5 42. Kd2 Kd7 43. Ke3 Ke6 44. Kf4 Bd3 45. Bd8 Kd7 46. Be7 Bb1 47. g4 hxg4 48. Kxg4 Bd3 49. Kg5 Ke6 50. Bd8 Bc4 51. Be7 Be2 52. Bd8 Bh5 53. Be7 Kd7 54. Bc5 Ke8 55. Bd6 Kd7 56. Bc5 Bd1 57. Be7 Ke6 58. Bc5 Bc2 59. Be7 Bb3 60. Bc5 Bc2 61. Be7 Bb3 62. Bc5 Bd1 63. Be7 Bb3 1/2-1/2

[Event "Early-Titled-Tuesday-Blitz-September-26-2023"]
[Site "Chess.com"]
[Date "2023.09.26"]
[Round "9"]
[White "JoliyRoger"]
[Black "EvgenyBurmakin"]
[Result "1-0"]
[WhiteElo "2509"]
[BlackElo "2329"]
[TimeControl "180+1"]
[EndTime "9:45:59 PDT"]
[Termination "JoliyRoger won on time"]

1. d4 f5 2. Nf3 Nf6 3. Bg5 e6 4. Nbd2 b6 5. Bxf6 Qxf6 6. e4 Bb7 7. Bd3 g6 8. Qe2 Bg7 9. h4 Nc6 10. c3 h6 11. h5 gxh5 12. exf5 O-O-O 13. Ne4 Qf7 14. fxe6 dxe6 15. O-O-O Rhe8 16. Kb1 Kb8 17. Qc2 e5 18. dxe5 Nxe5 19. Nxe5 Rxe5 20. Rhe1 Rde8 21.
f3 Qf4 22. a3 h4 23. Rh1 Rd8 24. Qe2 Red5 25. Nf2 Qd6 26. Be4 Rxd1+ 27. Rxd1 Bxe4+ 28. Qxe4 Qf6 29. Rxd8+ Qxd8 30. Nd3 Bf6 31. Nb4 Qd1+ 32. Ka2 Qd6 33. Qe8+ Kb7 34. Qe4+ c6 35. Qh7+ Qe7 36. Qd3 a5 37. Qa6+ Kc7 38. Qa7+ Kd6 39. Qb8+ Ke6 40. Nxc6 1-0

[Event "Early-Titled-Tuesday-Blitz-September-26-2023"]
[Site "Chess.com"]
[Date "2023.09.26"]
[Round "9"]
[White "SaqoChess_Twitch"]
[Black "Rainbow2014"]
[Result "0-1"]
[WhiteElo "2655"]
[BlackElo "2450"]
[TimeControl "180+1"]
[EndTime "9:46:00 PDT"]
[Termination "Rainbow2014 won by checkmate"]

1. d4 Nf6 2. c4 e6 3. Nc3 Bb4 4.
e3 O-O 5. a3 Bxc3+ 6. bxc3 c5 7. Bd3 d5 8. cxd5 exd5 9. Ne2 b6 10. O-O Ba6 11. f3 Bxd3 12. Qxd3 Re8 13. Ra2 Nc6 14.
g4 h6 15. Ng3 Rc8 16. Rg2 cxd4 17. cxd4 Ne7 18. h4 Ng6 19. h5 Ne7 20. Bd2 Qc7 21. Qe2 Qc4 22. Qd1 Qd3 23. f4 Ne4 24. Nxe4 dxe4 25.
g5 Nf5 26. gxh6 Nxh6 27. f5 f6 28. Qe1 Rc2 29. Qg3 Re7 30. Rff2 Nxf5 31. Rxf5 Rxd2 32. Rxd2 Qxd2 33. Rxf6 Qd1+ 34. Kg2 Qxh5 35. Rc6 Qe2+ 36. Kg1 Qd1+ 37. Kh2 Qe2+ 38. Kg1 Qd1+ 39. Kg2 Qe2+ 40.
Qf2 Qg4+ 41. Kh1 Rf7 42. Qg2 Qd1+ 43. Kh2 Qh5+ 44. Kg1 Rf5 45. Rc8+ Kh7 46. Qxe4 Qg6+ 47. Qg2 Rg5 48. Qxg5 Qxg5+ 49. Kf2 Qf5+ 50. Ke2 Qxc8 51. a4 Qc4+ 52. Kf3 Qxa4 53. Kf4 Qd7 54. Ke4 a5 55. d5 a4 56. Ke5 a3 57. e4 a2 58. Kf4 a1=Q 59.
Kg5 Qe5+ 60. Kh4 Qde7+ 61. Kh3 Qxe4 62. d6 Q7e6+ 63. Kh2 Qe2+ 64. Kg1 Q6e3+ 65. Kh1 Qc1# 0-1

[Event "Early-Titled-Tuesday-Blitz-September-26-2023"]
[Site "Chess.com"]
[Date "2023.09.26"]
[Round "9"]
[White "Let_it_be_1"]
[Black "kleopl"]
[Result "1-0"]
[WhiteElo "2606"]
[BlackElo "2459"]
[TimeControl "180+1"]
[EndTime "9:46:00 PDT"]
[Termination "Let_it_be_1 won by checkmate"]

1. e4 c5 2. Nf3 d6 3. d4 cxd4 4.
Nxd4 Nf6 5. Nc3 a6 6. Be2 e5 7. Nb3 Be7 8. O-O O-O 9. Kh1 b5 10. a4 b4 11. Nd5 Nbd7 12. Nxe7+ Qxe7 13. a5 Bb7 14. f3 d5 15. exd5 Nxd5 16. Qe1 Rac8 17.
Bd3 f5 18. Bd2 g6 19. Qe2 N7f6 20. Bg5 Qe6 21. Rae1 Rfe8 22. Qf2 Qd6 23. Qh4 Nh5 24. Bxf5 gxf5 25. Qxh5 Qg6 26. Qxg6+ hxg6 27. Rf2 Rc4 28. Nc1 e4 29. fxe4 Rcxe4 30. Rfe2 Rxe2 31. Rxe2 Rc8 32. Nd3 Bc6 33. Re6 Kf7 34. Rd6 Kg7 35. Ne5 Ba8 36.
Rxg6+ Kh7 37. Rxa6 Rxc2 38. Rxa8 Rxb2 39. Ra7+ Kg8 40.
h4 Re2 41. Nc6 b3 42. Ra8+ Kf7 43. Ra7+ Kg6 44. Kh2 b2 45. Rb7 Kh5 46. a6 Nc3 47. a7 b1=Q 48. Rxb1 Nxb1 49. a8=Q Kg4 50. Qg8 Nc3 51.
Qc4+ Ne4 52. Qxe2# 1-0

[Event "Early-Titled-Tuesday-Blitz-September-26-2023"]
[Site "Chess.com"]
[Date "2023.09.26"]
[Round "9"]
[White "BeautiFullMindChess"]
[Black "WPWPWP-2015"]
[Result "1-0"]
[WhiteElo "2376"]
[BlackElo "2517"]
[TimeControl "180+1"]
[EndTime "9:46:01 PDT"]
[Termination "BeautiFullMindChess won by resignation"]

1. e4 c5 2. Nc3 d6 3. d4 cxd4 4.
Qxd4 Nf6 5. b3 e5 6. Qd2 Be7 7. Bb2 O-O 8. O-O-O Be6 9. f3 a5 10. Bb5 a4 11. Bxa4 b5 12. Bxb5 Nbd7 13. Kb1 Nb6 14. a4 Kh8 15. g4 Qc7 16. g5 Nfd7 17. Nge2 Nc5 18. h4 f5 19. gxf6 Rxf6 20. f4 Bg4 21. fxe5 dxe5 22. Nd5 Nxd5 23. exd5 Bd6 24. Rdf1 Raf8 25. Rxf6 Rxf6 26. Rg1 h5 27. Ng3 Qb6 28. b4 Ne4 29. Nxe4 Qxg1+ 30. Ka2 Rg6 31. Nxd6 Rxd6 32.
Bxe5 Rg6 33. Bd3 Rb6 34. a5 Rb7 35. Qh6+ Kg8 36. Qg5 Rd7 37. d6 Qg2 38. Bc4+ Kh7 39. Bd3+ Kg8 40. Kb2 Qd5 41. Qf4 Qe6 42. Bc4 Rf7 43.
Bxe6 Bxe6 44. Qg5 Kh7 45. c4 Rf4 46. Qxf4 Kg6 47. Qg5+ Kf7 48. Qxg7+ 1-0

[Event "Early-Titled-Tuesday-Blitz-September-26-2023"]
[Site "Chess.com"]
[Date "2023.09.26"]
[Round "9"]
[White "MidnightFox"]
[Black "Goryachkina"]
[Result "1-0"]
[WhiteElo "2491"]
[BlackElo "2665"]
[TimeControl "180+1"]
[EndTime "9:46:02 PDT"]
[Termination "MidnightFox won on time"]

1. d4 Nf6 2. c4 e6 3. g3 d5 4. Bg2 Bb4+ 5. Nd2 O-O 6. Qc2 b6 7. Nf3 Bb7 8. O-O Be7 9. b3 a5 10.
a3 Nbd7 11. Bb2 c5 12. dxc5 bxc5 13. e3 Qb6 14. Rfd1 Rfd8 15. Rac1 Bc6 16. a4 Qb7 17. cxd5 exd5 18. Ne5 Nxe5 19. Bxe5 Nd7 20. Ba1 Nf8 21.
Qf5 Ne6 22. h4 Bf8 23. h5 h6 24. Rb1 d4 25. Bxc6 Qxc6 26. Nc4 dxe3 27. Nxe3 Nd4 28. Bxd4 cxd4 29. Nc4 Rd5 30. Qf3 Bb4 31. Rxd4 Rad8 32. Rxd5 Qxd5 33. Kg2 Qxf3+ 34. Kxf3 Rd3+ 35. Ke2 Rd5 36. g4 f5 37. f3 fxg4 38. fxg4 Rd4 39. Kf3 Kf7 40. Rf1 Ke7 41. Kg3 Ke6 42. Rf3 Be1+ 43. Kh3 1-0

[Event "Early-Titled-Tuesday-Blitz-September-26-2023"]
[Site "Chess.com"]
[Date "2023.09.26"]
[Round "9"]
[White "LionTheLeon_06"]
[Black "azikom"]
[Result "1-0"]
[WhiteElo "2810"]
[BlackElo "2638"]
[TimeControl "180+1"]
[EndTime "9:46:04 PDT"]
[Termination "LionTheLeon_06 won on time"]

1. e4 e5 2. Nf3 Nc6 3. Bc4 d6 4. c3 Be7 5. d4 Nf6 6. Nbd2 O-O 7.
O-O exd4 8. cxd4 d5 9. exd5 Nxd5 10. Re1 Nb6 11. Bb5 Bd7 12. Nb3 a6 13. Bf1 Bg4 14. h3 Bh5 15. Bf4 Bd6 16. Bxd6 Qxd6 17. Rc1 Rfd8 18. Nc5 Rab8 19. g4 Bg6 20. Qd2 h6 21.
Rcd1 Qd5 22. Qc3 Qxa2 23. Ne5 Nxe5 24. dxe5 Rxd1 25. Rxd1 Na4 26. Qa5 Bc2 27. Rd2 b6 28. Qxa6 bxc5 29. Rxc2 Qb3 30. Rc4 Nb6 31. Rxc5 Qxb2 32. Qa7 Ra8 33. Qxc7 Ra2 34. Qd8+ Kh7 35. Qd3+ g6 36. Qf3 Kg7 37. e6 Qf6 38. Qxf6+ Kxf6 39. exf7 1-0

[Event "Early-Titled-Tuesday-Blitz-September-26-2023"]
[Site "Chess.com"]
[Date "2023.09.26"]
[Round "9"]
[White "Arteler"]
[Black "MMAHDI2013"]
[Result "1-0"]
[WhiteElo "2590"]
[BlackElo "2344"]
[TimeControl "180+1"]
[EndTime "9:46:05 PDT"]
[Termination "Arteler won by checkmate"]

1. e4 c6 2. Nc3 d5 3. Qf3 dxe4 4. Nxe4 Nf6 5. Bc4 e6 6. Ne2 Be7 7. d4 Nbd7 8. N4g3 O-O 9. O-O Nd5 10. c3 b5 11. Bd3 N7f6 12. Nh5 g6 13. Nxf6+ Bxf6 14. Bh6 Bg7 15. Bxg7 Kxg7 16. a4 Bb7 17. axb5 cxb5 18.
Bxb5 Qb6 19. Qd3 Rfc8 20. Ra2 a6 21. Ba4 a5 22. Bb5 Rab8 23. Rfa1 Ra8 24. h3 Rcb8 25. Bc4 Qc6 26. Bb5 Qb6 27. Ra3 Nc7 28. Bc4 Qc6 29. f3 Rd8 30. Rxa5 e5 31. Rxa8 Nxa8 32. d5 Qc5+ 33. Kh1 Nb6 34. b3 Bxd5 35. Bxd5 Rxd5 36. Qe4 Rd2 37. b4 Qf2 38. Qxe5+ f6 39. Ra7+ Nd7 40. Qe7+ Kh6 41. Rxd7 Rxe2 42. Qxh7+ Kg5 43. Rd5+ f5 44. h4+ Kf4 45. Rd4+ Ke3 46. Qe7# 1-0

[Event "Early-Titled-Tuesday-Blitz-September-26-2023"]
[Site "Chess.com"]
[Date "2023.09.26"]
[Round "9"]
[White "MaxLeto"]
[Black "Javylavilla"]
[Result "1-0"]
[WhiteElo "2519"]
[BlackElo "2340"]
[TimeControl "180+1"]
[EndTime "9:46:05 PDT"]
[Termination "MaxLeto won by checkmate"]

1. g4 d5 2. Bg2 Bxg4 3. c4 Nf6 4. Qb3 Nbd7 5. cxd5 Nb6 6. Nc3 g6 7. h3 Bd7 8. e4 Bg7 9. e5 Nh5 10. d4 O-O 11. Nge2 e6 12. dxe6 Bxe6 13. d5 Bf5 14. f4 Qh4+ 15. Kf1 Bd3 16. Kg1 Rad8 17. Be3 Ng3 18. Bf2 Bxe2 19. Kh2 Bc4 20. Qb4 Nf1+ 21. Rhxf1 Qxf4+ 22. Bg3 Qd2 23. Rfd1 Qe3 24. Re1 Qg5 25.
Rad1 h5 26. h4 Qh6 27. a4 g5 28. a5 gxh4 29. Bxh4 Bxd5 30. Nxd5 Nxd5 31. Rxd5 Rxd5 32.
Bxd5 c6 33. Bg2 Qe6 34. Qe4 Re8 35. Bg3 h4 36. Bf4 Qg4 37. Bh3 Qh5 38. b4 Qh8 39.
Qf5 Qh7 40. Qxh7+ Kxh7 41. Bf5+ Kg8 42. Kh3 f6 43. e6 Kf8 44. Bg6 Re7 45. Bd6 Bh6 46.
Bf7 Bf4 47. Kxh4 Bxd6 48. Rg1 Bxb4 49. Rg8# 1-0

[Event "Early-Titled-Tuesday-Blitz-September-26-2023"]
[Site "Chess.com"]
[Date "2023.09.26"]
[Round "9"]
[White "ShahMatKanal"]
[Black "kidagent"]
[Result "0-1"]
[WhiteElo "2471"]
[BlackElo "2273"]
[TimeControl "180+1"]
[EndTime "9:46:06 PDT"]
[Termination "kidagent won on time"]

1. e4 c6 2. d4 d5 3. e5 Bf5 4. h4 h5 5. Bg5 f6 6. Bf4 e6 7.
Bd3 Ne7 8. exf6 gxf6 9. Ne2 Qb6 10. Nbc3 Nd7 11. Be3 O-O-O 12. Ng3 Bxd3 13. Qxd3 Bg7 14. O-O-O Qa5 15. Bd2 Qc7 16. Rhe1 e5 17. dxe5 fxe5 18. Nf5 Nxf5 19. Qxf5 Rdf8 20. Qg6 Bf6 21. g3 Qd6 22. Kb1 Be7 23. Qxd6 Bxd6 24. Re2 Rf7 25. Be1 Rhf8 26. Ne4 Be7 27. Ng5 Bxg5 28. hxg5 e4 29. Bc3 Rxf2 30. Rxf2 Rxf2 31. Rh1 Nf8 32. a4 Rf5 33. Rxh5 Kd7 34.
g4 Rf1+ 35. Ka2 Ke6 36. Rh6+ Kf7 37. Rf6+ Rxf6 38. gxf6 c5 39. g5 d4 40. Be1 Kg6 41. Bh4 Ne6 42. Kb3 Nf4 43. Kc4 b6 44. a5 Ng2 45. b4 Nxh4 46. axb6 axb6 47. bxc5 bxc5 48. c3 e3 0-1

[Event "Early-Titled-Tuesday-Blitz-September-26-2023"]
[Site "Chess.com"]
[Date "2023.09.26"]
[Round "9"]
[White "ActorXu"]
[Black "Staudenhocker43"]
[Result "1-0"]
[WhiteElo "2706"]
[BlackElo "2562"]
[TimeControl "180+1"]
[EndTime "9:46:08 PDT"]
[Termination "ActorXu won on time"]

1. e4 e5 2. Nf3 Nf6 3. Nxe5 d6 4. Nd3 Nxe4 5. Nf4 d5 6. d4 c6 7. Bd3 Be7 8. O-O O-O 9. Nd2 Nd6 10. Re1 Bf5 11. Bf1 a5 12. a4 Na6 13. c3 Nc7 14.
Nf3 Ne6 15. Nxe6 Bxe6 16. Bf4 Re8 17. Bd3 Bg4 18. h3 Bh5 19. Re3 Bf6 20. Qe2 Rxe3 21. Qxe3 Nc4 22. Bxc4 dxc4 23. Nd2 Qd5 24. Re1 h6 25.
Ne4 Be7 26. Qg3 Bg6 27. Nd6 Bxd6 28. Bxd6 Rd8 29. Bc7 Rc8 30. Re5 Qd7 31. Bxa5 Re8 32. Bc7 f6 33. Rxe8+ Qxe8 34. a5 Qd7 35. Qxg6 Qxc7 36.
Qe8+ Kh7 37. Qe4+ Kh8 38. Qf5 Qe7 39. Kh2 Qc7+ 40. g3 Qe7 41. Kg2 Qe8 42. h4 Qe7 43. h5 Qe8 44. Kf3 Qd8 45. Ke2 Qe7+ 46. Kd2 Qe8 47. g4 Qd8 48. Qe6 Qc7 49. f3 1-0

[Event "Early-Titled-Tuesday-Blitz-September-26-2023"]
[Site "Chess.com"]
[Date "2023.09.26"]
[Round "9"]
[White "h4parah5"]
[Black "remi04"]
[Result "1/2-1/2"]
[WhiteElo "2957"]
[BlackElo "2842"]
[TimeControl "180+1"]
[EndTime "9:46:09 PDT"]
[Termination "Game drawn - insufficient material"]

1. Nf3 d5 2. e3 Nf6 3. c4 e6 4.
b3 b6 5. Bb2 Bb7 6. Nc3 Nbd7 7.
Rc1 a6 8. cxd5 exd5 9. Ne2 Bd6 10. Ng3 g6 11. Bd3 Qe7 12. Qc2 c5 13. O-O O-O 14. Be2 Rac8 15. Qb1 Ne5 16. d4 Nxf3+ 17.
Bxf3 c4 18. bxc4 dxc4 19. e4 Bxg3 20. hxg3 Bxe4 21. Rfe1 Bxb1 22. Rxe7 Bxa2 23. Bb7 Rce8 24. Ba3 Rxe7 25. Bxe7 Rb8 26. Bxf6 Rxb7 27. Ra1 Bb3 28. Rxa6 Rb8 29. Be5 Rc8 30. Rxb6 Bc2 31. d5 Bf5 32.
Bc3 Kf8 33. f3 Ke8 34. g4 Bd7 35. Kf2 Rc5 36. Bb4 Rb5 37. Rxb5 Bxb5 38. Ke3 Kd7 39. Kd4 Ba6 40. Ke5 h5 41. gxh5 gxh5 42. Kf6 Bb7 43. d6 h4 44. Kxf7 Bxf3 45. Be1 Bxg2 46.
Bxh4 c3 47. Bg5 c2 48. Kf6 Kxd6 49. Bc1 Kd5 50. Kf5 Kc4 51. Kf4 Kb3 52. Ke3 Ka2 53.
Kd2 Kb1 54. Ba3 c1=Q+ 55. Bxc1 1/2-1/2

[Event "Early-Titled-Tuesday-Blitz-September-26-2023"]
[Site "Chess.com"]
[Date "2023.09.26"]
[Round "9"]
[White "Zohid6"]
[Black "Elprofessor21"]
[Result "1/2-1/2"]
[WhiteElo "2784"]
[BlackElo "2647"]
[TimeControl "180+1"]
[EndTime "9:46:09 PDT"]
[Termination "Game drawn by repetition"]

1. d4 Nf6 2. Nc3 d6 3. e4 g6 4. f4 Bg7 5. Bd3 O-O 6. Nf3 Nc6 7. e5 dxe5 8. dxe5 Nd5 9. O-O Ndb4 10. Be4 f5 11.
exf6 exf6 12. Qe2 f5 13. Qc4+ Kh8 14. Bxc6 Nxc6 15. Be3 Na5 16. Qa4 Qe8 17. Bd4 Qxa4 18. Bxg7+ Kxg7 19. Nxa4 b6 20. Ne5 Be6 21. b3 Rad8 22.
Rad1 Kf6 23. h4 c5 24. c4 Ke7 25. Kf2 Rxd1 26. Rxd1 Rd8 27. Rxd8 Kxd8 28. Nc3 a6 29. Kf3 Kc7 30. Kg3 Nc6 31. Nd3 Nd4 32. h5 Kd6 33. Na4 b5 34. cxb5 axb5 35. Naxc5 Bf7 36. h6 Bd5 37. Kf2 b4 38. g3 Nc2 39.
Ke2 Nd4+ 40. Ke3 Nc2+ 41. Kd2 Nd4 42. Na6 g5 43. Naxb4 gxf4 44. gxf4 Bf7 45. Ne5 Be8 46.
Nc2 Ne6 47. Ke3 Nc7 48. Nd4 Nd5+ 49. Kf3 Ne7 50. a4 Kd5 51. Ke3 Kc5 52. a5 Nd5+ 53. Kd3 Nxf4+ 54. Ke3 Nd5+ 55. Kd3 Nf4+ 56. Kc3 Nd5+ 57. Kd3 Nf4+ 1/2-1/2

[Event "Early-Titled-Tuesday-Blitz-September-26-2023"]
[Site "Chess.com"]
[Date "2023.09.26"]
[Round "9"]
[White "Wizard_97"]
[Black "Qvalda"]
[Result "1-0"]
[WhiteElo "2538"]
[BlackElo "2384"]
[TimeControl "180+1"]
[EndTime "9:46:12 PDT"]
[Termination "Wizard_97 won by resignation"]

1. e4 e6 2. d4 d5 3. Nd2 Be7 4. c3 c5 5. dxc5 Nf6 6. exd5 Nxd5 7. Ngf3 Bxc5 8. Bc4 O-O 9. O-O b6 10. Ne4 Be7 11. Bxd5 Qxd5 12. Qxd5 exd5 13. Ng3 Nc6 14. Be3 Be6 15. Rfe1 b5 16. Nd4 Nxd4 17. Bxd4 Rfe8 18.
Ne2 b4 19. Nf4 Bd6 20. Nh5 Bf8 21. Re3 Bg4 22. Rxe8 Rxe8 23. Nf4 bxc3 24. Bxc3 Bc5 25. h3 Be6 26. Rd1 Rd8 27. Bd4 Bxd4 28. Rxd4 Kf8 29. Ra4 Rd7 30. Kf1 d4 31. Ke2 Bf5 32. Kd2 g5 33.
Ne2 d3 34. Nc1 Rb7 35. b3 Re7 36. Rd4 Kg7 37. Nxd3 f6 38. f4 Kg6 39. g4 Bxd3 40.
Kxd3 gxf4 41. Rxf4 Re1 42. Rf5 Rh1 43. Rh5 Rh2 44. a4 h6 45. Kc4 Rf2 46. b4 Ra2 47. a5 Ra3 48. Kb5 Rb3 49. Ka4 Rb1 50. b5 Ra1+ 51. Kb4 Rb1+ 52. Kc5 Rc1+ 53. Kd6 Ra1 54. a6 Rc1 55. Rc5 Rd1+ 56. Kc7 Rd3 57.
Kb8 Rxh3 58. Kxa7 Rg3 59. b6 Rxg4 60. b7 Rb4 61. b8=Q Rxb8 62. Kxb8 h5 63. a7 h4 64. a8=Q 1-0

[Event "Early-Titled-Tuesday-Blitz-September-26-2023"]
[Site "Chess.com"]
[Date "2023.09.26"]
[Round "9"]
[White "Shield12"]
[Black "vugarrasulov"]
[Result "1-0"]
[WhiteElo "2997"]
[BlackElo "2963"]
[TimeControl "180+1"]
[EndTime "9:46:17 PDT"]
[Termination "Shield12 won by resignation"]

1. e4 e5 2. Nf3 Nc6 3. Bb5 g6 4. c3 a6 5. Ba4 d6 6. d4 Bd7 7.
O-O Bg7 8. Re1 Nf6 9. h3 O-O 10. Bc2 exd4 11. cxd4 Nb4 12. Bb3 a5 13. e5 Nfd5 14. Nc3 Be6 15. Nxd5 Nxd5 16. Ng5 Qd7 17. Nxe6 fxe6 18. Qg4 dxe5 19. dxe5 Rf5 20. Bd2 a4 21. Bc2 Rf7 22. Rad1 a3 23. bxa3 c5 24. a4 Qc6 25.
Bb3 Raf8 26. Re2 Rf5 27. Rde1 Rc8 28. Bc4 Qe8 29. Bb5 Qf7 30. Bd3 Rh5 31. Re4 Rf8 32.
R1e2 Rf5 33. f3 Qc7 34. Bc4 Qc6 35. Re1 R8f7 36. f4 Rd7 37. Bb5 Qc7 38. Bxd7 Qxd7 39. Qe2 Rf7 40. Qb5 Qc7 41. Qe8+ Bf8 42. Qxe6 Nb4 43. Bxb4 cxb4 44. Rc4 Qa5 45. Rd1 Qa7+ 46.
Kh1 Qxa4 47. Rcd4 Kg7 48. Rd7 Be7 49. Rc1 Qa3 50. Rcc7 b3 51. Rxe7 Rxe7 52. Qxe7+ Qxe7 53. Rxe7+ Kf8 54. Rxb7 1-0